 Dungeon Crawl Stone Soup version 0.32-a0-630-g46d191b0ed (webtiles) character file.

Game seed: 1635840176988728755

273347 backslashecho the Spry (level 19, -4/108 HPs)
             Began as a Spriggan Fighter on Mar 6, 2024.
             Was the Champion of Trog.
             Slain by an ancient champion
             ... wielding a +1 heavy battleaxe
              (34 damage)
             ... in a wizard's laboratory on Mar 7, 2024.
             The game lasted 02:43:05 (47011 turns).

backslashecho the Spry (Spriggan Fighter)          Turns: 47011, Time: 02:43:05

Health: -4/108     AC:  8    Str: 14    XL:     19   Next: 50%
Magic:  0/20       EV: 38    Int:  6    God:    Trog [******]
Gold:   2289       SH: 11    Dex: 28    Spells: 18/18 levels left

rFire   . . .        a - +3 demon blade of the Ecumenical Temple {flame, rN+ Str+2}
rCold   + . .        c - +2 buckler
rNeg    + + .        L - +0 acid dragon scales
rPois   +            (helmet restricted)
rElec   .            g - scarf of Daonke {repulsion, rC+ Will+ Int-4}
rCorr   +            (gloves unavailable)
SInv    +            (boots unavailable)
Will    ++++.        P - amulet "Oqeec" {Spirit Harm rPois}
Stlth   +++++++      f - ring of positive energy
HPRegen 0.38/turn    j - +6 ring of dexterity
MPRegen 0.17/turn

%: harm (+30% outgoing, +20% incoming), repel missiles, guardian spirit
@: studying Ranged Weapons, very quick
A: very small, no large weapons, unfitting armour, see invisible, speed 3
}: 2/15 runes: decaying, serpentine
a: Renounce Religion, Berserk, Trog's Hand, Brothers in Arms


You were in a wizard's laboratory.
You worshipped Trog.
Trog was exalted by your worship.
You visited 7 branches of the dungeon, and saw 32 of its levels.
You also visited: Ice Cave and Wizlab.

You collected 5709 gold pieces.
You spent 3420 gold pieces at shops.

Inventory:

Hand Weapons
 a - the +3 demon blade of the Ecumenical Temple (weapon) {flame, rN+ Str+2}
   (Trog gifted it to you on level 2 of the Orcish Mines)

   Str+2:     It affects your strength (+2).
   rN+:       It protects you from negative energy.
 b - a +6 antimagic quick blade
 e - the +5 long sword of Mayhem {drain, rElec rC+ Will+ rCorr Dex-5}
   (You took it off a kobold demonologist on level 9 of the Dungeon)

   Dex-5:     It affects your dexterity (-5).
   rC+:       It protects you from cold.
   rElec:     It insulates you from electricity.
   Will+:     It increases your willpower.
   rCorr:     It protects you from acid and corrosion.
Missiles
 l - 3 atropa-tipped darts
 s - 5 darts of dispersal
 w - 44 poisoned darts (quivered)
 z - 3 throwing nets
 C - 8 curare-tipped darts
Armour
 c - a +2 buckler (worn)
 g - the scarf of Daonke (worn) {repulsion, rC+ Will+ Int-4}
   (You found it on level 8 of the Dungeon)

   Int-4:     It affects your intelligence (-4).
   rC+:       It protects you from cold.
   Will+:     It increases your willpower.
 m - a +2 robe of resistance
 L - +0 acid dragon scales (worn)
 T - the +0 robe of the Curupira {+Blink rElec Slay-2}
   (You bought it in a shop on level 8 of the Dungeon)

   Slay-2:    It affects your accuracy & damage with ranged weapons and melee
   (-2).
   rElec:     It insulates you from electricity.
   +Blink:    It lets you blink.
Jewellery
 f - a ring of positive energy (left hand)
 j - a +6 ring of dexterity (right hand)
 A - a ring of resist corrosion
 K - a ring of willpower
 O - a ring of ice
 P - the amulet "Oqeec" (around neck) {Spirit Harm rPois}
   (You found it on level 7 of the Dungeon)

   [amulet of guardian spirit]

   Spirit:    It causes incoming damage to be divided between your reserves of
   health and magic.
   rPois:     It protects you from poison.
   Harm:      It increases damage dealt and taken.
 S - the ring "Otutyiwko" {Fly rF+ Slay+3}
   (You found it on level 10 of the Dungeon)

   [ring of flight]

   Slay+3:    It affects your accuracy & damage with ranged weapons and melee
   (+3).
   rF+:       It protects you from fire.
   Fly:       It grants you flight.
Wands
 i - a wand of flame (22)
 y - a wand of digging (14)
 R - a wand of light (11)
 Y - a wand of warping (28)
Scrolls
 h - 8 scrolls of fear
 o - 5 scrolls of immolation
 p - 2 scrolls of fog
 q - 2 scrolls of summoning
 t - 14 scrolls of teleportation
 x - 2 scrolls of blinking
 B - a scroll of silence
 G - a scroll of brand weapon
 Z - a scroll of revelation
Potions
 d - 5 potions of might
 k - 6 potions of haste
 n - 4 potions of enlightenment
 u - 12 potions of curing
 v - a potion of cancellation
 D - 8 potions of heal wounds
 E - 6 potions of mutation
 F - a potion of berserk rage
 I - 3 potions of magic
 Q - 2 potions of ambrosia
 U - a potion of invisibility
 X - 3 potions of resistance
Miscellaneous
 r - a phial of floods
 M - a box of beasts
 V - a phantom mirror
 W - a condenser vane


   Skills:
 + Level 15.1 Fighting
 - Level 5.0(14.0) Short Blades
 - Level 15.8(16.0) Long Blades
 - Level 6.0 Throwing
 - Level 9.0 Armour
 + Level 18.2 Dodging
 + Level 15.5 Stealth
 - Level 12.2 Shields
 - Level 13.0 Evocations


You had 18 spell levels left.
You didn't know any spells.
Your spell library contained the following spells:

 Spells                   Type           Power      Damage    Failure   Level
 Cause Fear               Hex            0%         N/A       100%        4
 Fireball                 Conj/Fire      0%         3d3       100%        5
 Dragon's Call            Summ           0%         N/A       100%        9


Dungeon Overview and Level Annotations

Branches:
Dungeon (15/15)            Temple (1/1) D:7            Lair (5/5) D:11
  Swamp (4/4) Lair:2        Snake (4/4) Lair:3        Slime (0/5) Lair:4
    Orc (2/2) D:12            Elf (0/3) Orc:2        Vaults (1/5) D:13
 Depths (0/4) D:15          IceCv (visited)          WizLab (1/1)

Altars:
Ashenzari
Cheibriados
Dithmenos
Elyvilon
Fedhas
Gozag
Hepliaklqana
Kikubaaqudgha
Makhleb
Nemelex Xobeh
Okawaru
Qazlal
Ru
Sif Muna
Trog
Uskayaw
Vehumet
Wu Jian
Xom
Yredelemnul
Zin
The Shining One
Beogh
Jiyva
Lugonu

Shops:
D:4 (   D:8 *   D:10 *   D:11 *   Orc:2 =:([   Snake:1 *   Snake:3 *

Annotations:
D:3 Grinder
D:4 2 transporters, Fractals's ghost, novice MDFi; Pikel
D:7 1 runed translucent door, 1 exclusion, Crazy Yiuf
Lair:2 3 runed translucent doors, Hiwnic's ghost, journeyman OpFE
Lair:5 2 transporters, exclusion: 3 doors, Scrimshaw's ghost, journeyman CoHs
Swamp:2 1 exclusion
Snake:2 2 transporters, Jocvoh's ghost, adept DgHu


Innate Abilities, Weirdness & Mutations

You are very small and have problems with some larger weapons.
You are too small for most types of armour.
You have supernaturally acute eyesight. (SInv)
You cover ground extremely quickly. (Speed+++)


Message History

You slice the revenant!! You burn the revenant.
The revenant is moderately damaged.
The harpy zombie completely misses you. You block the harpy zombie's attack.
The revenant conjures spectral mists around you.
The spectral mist engulfs you. The harpy zombie misses you.
You block the harpy zombie's attack.
You closely miss the revenant.
The revenant is moderately damaged.
You are engulfed in spectral mist.
You block the revenant's attack.
You take 7 damage, and have 97/108 hp.
You now have 19/20 mp.
You slash the revenant! You burn the revenant.
The revenant is severely damaged.
You are engulfed in spectral mist.
The jiangshi completely misses you. x2
You take 6 damage, and have 91/108 hp.
You now have 18/20 mp.
You closely miss the revenant.
The revenant is severely damaged.
You are engulfed in spectral mist.
You block the jiangshi's attack. x2
The revenant barely misses you.
You take 6 damage, and have 85/108 hp.
You now have 17/20 mp.
You slash the revenant! You burn the revenant.
The revenant is almost destroyed.
You are engulfed in spectral mist.
The jiangshi claws you but does no damage.
The jiangshi barely misses you.
You take 5 damage, and have 80/108 hp.
You now have 16/20 mp.
You hit the revenant. You burn the revenant.
The revenant is almost destroyed.
You are engulfed in spectral mist.
The jiangshi completely misses you. x2
The revenant completely misses you.
You block the spectral ironbound preserver's attack.
You take 4 damage, and have 76/108 hp.
You now have 15/20 mp.
You slash the revenant! You burn the revenant.
You destroy the revenant!
Trog accepts your kill.
Trog appreciates your killing of a magic user.
The spectral ironbound preserver fades away!
You are engulfed in spectral mist.
You block the jiangshi's attack.
The jiangshi claws you but does no damage.
You take 5 damage, and have 71/108 hp.
You now have 14/20 mp.
You are engulfed in spectral mist.
The jiangshi attacks as it pursues you! The jiangshi misses you.
You block the jiangshi's attack.
The harpy zombie attacks as it pursues you!
The harpy zombie barely misses you. You block the harpy zombie's attack.
The jiangshi barely misses you. The jiangshi claws you!
The jiangshi draws strength from your injuries!
You take 15 damage, and have 56/108 hp.
You now have 11/20 mp.
The harpy zombie attacks as it pursues you!
You block the harpy zombie's attack. The harpy zombie completely misses you.
The harpy zombie attacks as it pursues you!
The harpy zombie completely misses you. You block the harpy zombie's attack.
The harpy zombie attacks as it pursues you!
You block the harpy zombie's attack. x2; The harpy zombie closely misses you.
The harpy zombie barely misses you.
You slash the harpy zombie! You burn the harpy zombie.
The harpy zombie is heavily damaged.
The harpy zombie completely misses you. You block the harpy zombie's attack.
You hit the harpy zombie. You burn the harpy zombie.
The harpy zombie is heavily damaged.
The harpy zombie misses you. The harpy zombie completely misses you.
You slice the harpy zombie!! You burn the harpy zombie!
You destroy the harpy zombie!
Trog accepts your kill.
A lost soul coalesces out of thin air!
You block the jiangshi's attack. x2
You slice the jiangshi!! You burn the jiangshi!
The jiangshi is almost destroyed.
The jiangshi claws you but does no damage.
You block the jiangshi's attack.
You slice the jiangshi!! You burn the jiangshi.
You destroy the jiangshi!
Trog accepts your kill.
The lost soul fades away!
No target in view!
No target in view!
You start resting.
Magic restored.
You regained 14 hp, and now have 75/108 hp.
MP restored: 20 You start resting.
An ancient champion is nearby!
An ancient champion is nearby!
You slice the ancient champion!! You burn the ancient champion.
The ancient champion is heavily damaged.
You hit the ancient champion but do no damage.
The ancient champion is heavily damaged.
The ancient champion mumbles some strange words.
The ancient champion seems to speed up.
You hit the ancient champion. You burn the ancient champion.
The ancient champion is heavily damaged.
The ancient champion hits you with a +1 heavy battleaxe!!!
* * * LOW HITPOINT WARNING * * *
You take 47 damage, and have 30/108 hp.
MASSIVE DAMAGE!!
You now have 9/20 mp.
You are too injured to fight recklessly!
Press: ? - help, v - describe, . - travel
Here: an ancient champion, wielding a +1 heavy battleaxe and wearing a +0 plate armour (heavily damaged, fast)
The floor.
Unknown command.
The ancient champion attacks as it pursues you!
The ancient champion hits you with a +1 heavy battleaxe!!!
You die...

##......##
##....#...#
#....#...##
#...#...##
#..#...## #......#
#..#..## z #z.#..#.
. ##@.#..#.### .#
#...#V.#.*.###.#
#...#..##...#W.#
#...#.°.#.....#
#......°#.....#⌠#
#...#........##.##
##..##.....###...##
#...##....#⌠.....⌠
#....##...#...∩..


You could see an ancient champion (fast).

Vanquished Creatures
  Bai Suzhen (Snake:3)
  Vashnia (Snake:2)
  Nikola (Snake:3)
  Mlioglotl (Swamp:2)
  A sphinx (D:13)
  A thorn hunter (Swamp:2)
  The ghost of adelrune the Fighter, an adept CoHu of Hepliaklqana (Swamp:4)
  A revenant (WizLab)
  3 frost giants
  9 nagarajas
  2 fenstrider witches
  An orc warlord (D:12)
  Nessos (Lair:4)
  A vampire knight (D:13)
  A formless jellyfish (Vaults:1)
  4 eleionomae
  A spectral titan (WizLab)
  A deep elf death mage (WizLab)
  3 bunyips (Swamp:3)
  A white draconian (IceCv)
  4 fire dragons
  2 shambling mangroves (Swamp:4)
  2 yaktaur captains (Vaults:1)
  A jiangshi (WizLab)
  3 vault guards (D:13)
  2 ice dragons
  3 salamander tyrants
  25 hydras
  9 alligators
  2 ghost crabs
  A rakshasa (D:10)
  6 centaur warriors
  5 ironbound frosthearts (IceCv)
  3 alligator snapping turtles (Snake:4)
  4 boulder beetles
  11 two-headed ogres
  15 anacondas
  A catoblepas (Lair:1)
  3 ogre magi
  Erica (D:9)
  A tengu warrior (D:9)
  3 death yaks
  19 naga warriors
  12 shock serpents
  12 naga sharpshooters
  9 salamander mystics
  12 sea snakes
  3 skysharks
  3 skeletal warriors (D:14)
  2 spriggan druids
  11 goliath frogs
  9 mana vipers
  6 lindwurms
  A flayed ghost (WizLab)
  6 naga ritualists
  10 swamp dragons
  2 bog bodies
  3 phantasmal warriors (WizLab)
  An orange crystal statue (IceCv)
  3 spectral wolf spiders (WizLab)
  2 orc knights
  A deep elf pyromancer (D:12)
  3 harpies (Vaults:1)
  2 spectral spriggans (WizLab)
  8 orc sorcerers
  39 ugly things
  3 cyclopes
  5 will-o-the-wisps
  8 manticores
  3 meliai (D:14)
  A meliai (shapeshifter) (D:9)
  23 salamanders
  37 black mambas
  21 naga magi
  9 guardian serpents
  A torpor snail (D:11)
  2 gargoyles
  7 elephants
  23 rime drakes
  An unseen horror (D:13)
  An efreet (D:15)
  13 cane toads
  14 komodo dragons
  3 yaktaurs
  3 kobold demonologists
  2 tengu conjurers (D:15)
  A harpy zombie (WizLab)
  13 trolls
  18 polar bears
  4 bloated husks
  10 hornets
  9 tyrant leeches
  23 blink frogs
  12 dream sheep (Lair:4)
  4 snapping turtles (Snake:4)
  A centaur simulacrum (D:15)
  9 slime creatures
  5 spriggans
  2 vampires (D:10)
  3 water elementals
  2 wraiths
  51 yaks
  4 shadows
  A spriggan (shapeshifter) (D:13)
  4 fire bats (Swamp:4)
  3 wyverns
  A steam dragon (D:9)
  8 wargs
  10 basilisks
  16 vampire mosquitoes
  12 swamp worms
  35 nagas
  Duvessa (D:7)
  5 acid dragons
  14 water moccasins
  9 swamp drakes
  18 orc warriors
  5 laughing skulls
  5 ice beasts
  2 black bears
  11 ogres
  15 centaurs
  16 wolves
  A phantom (D:4)
  5 kobold brigands
  21 bullfrogs
  2 scorpions (D:5)
  13 wights (D:8)
  Dowan (D:7)
  A hornet simulacrum (D:13)
  7 killer bees (D:10)
  A bombardier beetle (D:7)
  6 howler monkeys
  5 electric eels
  A vampire bat (D:9)
  5 jellies
  11 orc priests
  A sleepcap (D:5)
  2 iguanas
  35 orc wizards
  3 gnolls (D:10)
  9 adders
  2 shadow imps
  6 white imps
  3 ufetubi
  2 dart slugs
  3 ribbon worms
  90 orcs
  9 ball pythons
  2 bats
  3 bat skeletons (D:9)
  3 bat zombies (D:9)
  6 endoplasms
  7 giant cockroaches
  12 goblins
  9 hobgoblins
  2 jackals (D:4)
  19 kobolds
  6 quokkas
  7 frilled lizards
  11 rats
1196 creatures vanquished.

Vanquished Creatures (collateral kills)
  A vault guard (D:13)
  A boulder beetle (D:9)
  A vampire mage (Swamp:2)
  2 manticores (D:13)
  A cyclops (D:13)
  A gargoyle (D:13)
  A tyrant leech (Swamp:2)
  A shadow (D:13)
  An acid dragon (D:13)
  2 laughing skulls (D:13)
  3 wights (D:8)
15 creatures vanquished.

Vanquished Creatures (others)
  A two-headed ogre (D:9)
  A mana viper (Snake:2)
  A tengu conjurer (D:10)
  A naga (Snake:2)
  3 swamp drakes (Swamp:4)
  An orc (Orc:2)
  14 foxfires
22 creatures vanquished.

Grand Total: 1233 creatures vanquished

Notes
Turn   | Place    | Note
-------+----------+-------------------------------------------
     0 | D:1      | backslashecho the Spriggan Fighter began the quest for the
                  | Orb.
     0 | D:1      | Reached XP level 1. HP: 11/11 MP: 2/2
    75 | D:1      | Found a faded altar of an unknown god.
   139 | D:1      | Reached XP level 2. HP: 14/16 MP: 3/3
   408 | D:1      | Reached XP level 3. HP: 4/19 MP: 4/4
  1324 | D:1      | Reached XP level 4. HP: 21/23 MP: 5/5
  1724 | D:2      | Reached skill level 5 in Dodging
  2086 | D:3      | Found a basalt altar of Yredelemnul.
  2178 | D:3      | Noticed Grinder
  2515 | D:3      | Reached XP level 5. HP: 28/28 MP: 6/6
  2845 | D:3      | Reached skill level 5 in Short Blades
  2901 | D:3      | Identified the +7 short sword of Deubitz Epro {elec, rC+}
  3004 | D:4      | Found a burning altar of Makhleb.
  3007 | D:4      | Found a sparkling altar of Nemelex Xobeh.
  3010 | D:4      | Found a hide-covered altar of Uskayaw.
  3013 | D:4      | Found a stormy altar of Qazlal.
  3274 | D:4      | Noticed an ogre
  3297 | D:4      | Noticed a lemure
  3297 | D:4      | Noticed Pikel
  3298 | D:4      | Noticed a lemure
  3298 | D:4      | Noticed a lemure
  3300 | D:4      | Noticed a lemure
  3385 | D:4      | Found a transporter.
  3385 | D:4      | Noticed Fractals's ghost (novice MDFi)
  3389 | D:4      | Found a transporter.
  3441 | D:4      | Reached XP level 6. HP: 21/32 MP: 7/7
  3556 | D:4      | Reached skill level 1 in Long Blades
  3571 | D:4      | Identified the +2 short sword of Blood-Lust {protect, *Rage
                  | Str+7}
  3699 | D:4      | Found Eciurghia's Weapon Shoppe.
  3717 | D:4      | Reached skill level 6 in Dodging
  4182 | D:5      | Entered Level 5 of the Dungeon
  4219 | D:4      | Identified the +2 ring mail of the Assorted Dreams {Harm
                  | *Slow rF+ Dex+3}
  4250 | D:5      | Noticed an ice beast
  4317 | D:5      | Reached XP level 7. HP: 37/37 MP: 8/8
  4717 | D:5      | Reached skill level 7 in Dodging
  4805 | D:5      | Reached XP level 8. HP: 42/42 MP: 9/9
  5269 | D:6      | Reached skill level 5 in Fighting
  5290 | D:6      | Found a sacrificial altar of Ru.
  5381 | D:6      | Found a glowing golden altar of the Shining One.
  5448 | D:6      | Reached skill level 5 in Long Blades
  5448 | D:6      | Reached skill level 8 in Dodging
  5713 | D:6      | Found a hazy altar of Hepliaklqana.
  6093 | D:7      | Found a staircase to the Ecumenical Temple.
  6099 | Temple   | Entered the Ecumenical Temple
  6113 | Temple   | Became a worshipper of Trog the Wrathful
  6265 | D:7      | Noticed Duvessa
  6265 | D:7      | Noticed Dowan
  6316 | D:7      | Killed Duvessa
  6329 | D:7      | Killed Dowan
  6420 | D:7      | Reached XP level 9. HP: 47/47 MP: 10/10
  6902 | D:7      | Found a runed translucent door.
  6903 | D:7      | Noticed Crazy Yiuf
  6974 | D:7      | Identified the +0 robe of Sharp Lucidity {rN+ Dex+2}
  7008 | D:7      | Identified the amulet "Oqeec" {Spirit Harm rPois}
  7078 | D:7      | Found a glowing silver altar of Zin.
  7209 | D:7      | You are sucked into a shaft and drop 2 floors!
  7443 | D:8      | Reached skill level 9 in Dodging
  8055 | D:8      | Reached * piety under Trog
  8143 | D:8      | Found Gozag's Platinum Reserve.
  8143 | D:8      | Found an opulent altar of Gozag.
  8167 | D:8      | Identified the scarf of Daonke {repulsion, rC+ Will+ Int-4}
  8222 | D:8      | Reached skill level 1 in Stealth
  8519 | D:8      | Found a radiant altar of Vehumet.
  8736 | D:8      | Reached skill level 10 in Dodging
  8866 | D:9      | Noticed Erica
  8888 | D:9      | Killed Erica
  8889 | D:9      | Reached skill level 5 in Stealth
  8889 | D:9      | Reached XP level 10. HP: 51/51 MP: 11/11
  9093 | D:9      | Noticed a meliai
  9100 | D:9      | Killed a meliai
  9126 | D:9      | Reached skill level 11 in Dodging
  9142 | D:9      | Found a hazy altar of Hepliaklqana.
  9208 | D:9      | Identified the +5 quarterstaff of Cheibriados's Whim
                  | {drain, rC- rN++}
  9208 | D:9      | Noticed a tengu warrior
  9208 | D:9      | Noticed a gargoyle
  9223 | D:9      | Killed a tengu warrior
  9224 | D:9      | Reached skill level 9 in Long Blades
  9227 | D:9      | Killed a gargoyle
  9231 | D:9      | Reached ** piety under Trog
  9233 | D:9      | Noticed a white ugly thing
  9397 | D:9      | Noticed a manticore
  9403 | D:9      | Killed a manticore
  9459 | D:9      | Reached XP level 11. HP: 50/55 MP: 10/12
  9502 | D:9      | Noticed a cyan ugly thing
  9545 | D:9      | Noticed a boulder beetle
  9550 | D:9      | Identified the +5 long sword of Mayhem {drain, rElec rC+
                  | Will+ rCorr Dex-5}
  9552 | D:9      | Noticed a centaur warrior
  9557 | D:9      | Noticed a two-headed ogre
  9779 | D:9      | Killed a white ugly thing
  9807 | D:9      | Noticed a boulder beetle
  9820 | D:9      | Killed a boulder beetle
  9821 | D:9      | Reached skill level 12 in Dodging
  9821 | D:9      | Reached skill level 9 in Stealth
  9842 | D:9      | Killed a boulder beetle
  9930 | D:9      | Killed a centaur warrior
 10015 | D:9      | Killed a cyan ugly thing
 10552 | D:9      | Found an ancient bone altar of Kikubaaqudgha.
 10610 | D:10     | Entered Level 10 of the Dungeon
 10713 | D:10     | Reached skill level 13 in Dodging
 11008 | D:10     | Noticed a two-headed ogre
 11016 | D:10     | Killed a two-headed ogre
 11029 | D:10     | Reached *** piety under Trog
 11036 | D:10     | Reached skill level 1 in Armour
 11036 | D:10     | Reached XP level 12. HP: 62/62 MP: 13/13
 11098 | D:10     | Noticed a two-headed ogre
 11114 | D:10     | Killed a two-headed ogre
 11466 | D:10     | Noticed a rakshasa
 11466 | D:10     | Noticed an ogre mage
 11480 | D:10     | Noticed a seven-headed hydra
 11480 | D:10     | Noticed a boulder beetle
 11708 | D:10     | Found a snail-covered altar of Cheibriados.
 11708 | D:10     | Found a shadowy altar of Dithmenos.
 11896 | D:10     | Found Saqotuut's Assorted Antiques.
 11904 | D:10     | Bought a scroll labelled YCEYLECAIRGH for 24 gold pieces
 11904 | D:10     | Bought 2 black potions for 43 gold pieces
 11904 | D:10     | Bought a scroll of identify for 48 gold pieces
 12112 | D:10     | Noticed a two-headed ogre
 12113 | D:10     | Killed a two-headed ogre
 12114 | D:10     | Reached skill level 12 in Long Blades
 12725 | D:10     | Killed a boulder beetle
 12781 | D:10     | Killed a seven-headed hydra
 12799 | D:10     | Killed an ogre mage
 13115 | D:10     | Killed a rakshasa
 13128 | D:10     | Identified the ring "Otutyiwko" {Fly rF+ Slay+3}
 13272 | D:11     | Identified a scroll of acquirement
 13274 | D:11     | Acquired a +2 double sword of electrocution
 13298 | D:11     | Found Qeniliaf's Serpentskin Sales.
 13395 | D:11     | Noticed a boulder beetle
 13442 | D:11     | Killed a boulder beetle
 13443 | D:11     | Reached XP level 13. HP: 34/68 MP: 6/14
 13611 | D:11     | Found a staircase to the Lair.
 13866 | D:11     | Reached **** piety under Trog
 14433 | Lair:1   | Entered Level 1 of the Lair of Beasts
 14865 | Lair:1   | Reached skill level 5 in Armour
 15627 | Lair:2   | Found a staircase to the Swamp.
 15663 | Lair:2   | Found a runed translucent gate.
 15664 | Lair:2   | Found a runed translucent gate.
 15665 | Lair:2   | Found a runed translucent gate.
 15704 | Lair:2   | Noticed a minotaur
 15712 | Lair:2   | Noticed Hiwnic's ghost (journeyman OpFE)
 15854 | Lair:2   | Reached ***** piety under Trog
 17040 | Lair:3   | Found a staircase to the Snake Pit.
 17079 | Lair:3   | Reached skill level 5 in Shields
 17618 | Lair:3   | Received a gift from Trog
 17620 | Lair:3   | Reached XP level 14. HP: 73/73 MP: 15/15
 18093 | Lair:4   | Found the +4 robe of Folly {Brill Will-∞ Int+8}
 18104 | Lair:4   | Reached skill level 15 in Long Blades
 18104 | Lair:4   | Found a staircase to the Slime Pits.
 18523 | Lair:4   | Found a viscous altar of Jiyva.
 18562 | Lair:4   | Noticed Nessos
 18763 | Lair:4   | Acquired a manual of Shields
 19217 | Lair:4   | Killed Nessos
 19286 | Lair:5   | Entered Level 5 of the Lair of Beasts
 19718 | Lair:5   | Found a transporter.
 20194 | Lair:5   | Reached skill level 9 in Fighting
 20265 | Lair:5   | Found a transporter.
 20268 | Lair:5   | Noticed Scrimshaw's ghost (journeyman CoHs)
 20963 | D:12     | Found a staircase to the Orcish Mines.
 21337 | Orc:1    | Entered Level 1 of the Orcish Mines
 21711 | Orc:1    | Noticed an orc warlord
 21857 | D:12     | Killed an orc warlord
 22395 | Orc:2    | Entered Level 2 of the Orcish Mines
 22486 | Orc:2    | Found a roughly hewn altar of Beogh.
 22627 | Orc:2    | Found a staircase to the Elven Halls.
 22689 | Orc:2    | Reached ****** piety under Trog
 22891 | Orc:2    | Received a gift from Trog
 23129 | Orc:2    | Reached XP level 15. HP: 80/80 MP: 16/16
 23216 | Orc:2    | Found Raroimn's Jewellery Shop.
 23225 | Orc:2    | Reached skill level 9 in Shields
 23284 | Orc:2    | Found Riehites's Book Boutique.
 23382 | Orc:2    | Found Woiss's Antique Armour Boutique.
 23563 | Orc:2    | Found a roughly hewn altar of Beogh.
 23587 | Orc:2    | Found Xyokos's Weapon Shop.
 23599 | Orc:2    | Identified the +3 demon blade of the Ecumenical Temple
                  | {flame, rN+ Str+2} (Trog gifted it to you on level 2 of the
                  | Orcish Mines)
 23599 | Orc:2    | Received a gift from Trog
 24035 | D:13     | Found a gate to the Vaults.
 24757 | D:13     | Identified the staff of Bodily Harmony {rPois Will+++ Str-3
                  | Int-4 Summ Alchemy}
 24760 | D:13     | Noticed a sphinx
 24764 | D:13     | Noticed a frost giant
 24774 | D:13     | Killed a sphinx
 24778 | D:13     | Killed a frost giant
 24782 | D:13     | Identified the +10 sling of the Mushroom {drain, rF+++ rC-
                  | Dex+3 SInv}
 25934 | D:15     | Entered Level 15 of the Dungeon
 26124 | D:15     | Reached skill level 12 in Shields
 26848 | D:15     | Found a staircase to the Depths.
 26857 | D:15     | Received a gift from Trog
 26858 | D:15     | Reached XP level 16. HP: 88/88 MP: 17/17
 27080 | D:15     | Upgraded the game from 0.32-a0-616-g9348d4545b to
                  | 0.32-a0-630-g46d191b0ed
 27255 | Swamp:1  | Entered Level 1 of the Swamp
 27323 | Swamp:1  | Reached skill level 12 in Fighting
 27463 | Swamp:1  | Acquired 946 gold pieces
 27474 | Swamp:1  | Reached skill level 1 in Evocations
 28058 | Swamp:2  | Noticed a thorn hunter
 28078 | Swamp:2  | Killed a thorn hunter
 28094 | Swamp:2  | Identified the +7 quarterstaff of the Piercing Gods
                  | {antimagic, Str+4}
 28171 | Swamp:2  | Noticed Mlioglotl
 28205 | Swamp:2  | Killed Mlioglotl
 28265 | Swamp:2  | Reached skill level 14 in Dodging
 28971 | Swamp:2  | Reached skill level 5 in Evocations
 29134 | Swamp:2  | Reached skill level 12 in Stealth
 29435 | Swamp:3  | Received a gift from Trog
 30123 | Swamp:4  | Entered Level 4 of the Swamp
 30200 | Swamp:4  | Found a runed translucent door.
 30224 | Swamp:4  | Reached skill level 15 in Dodging
 30284 | Swamp:4  | Noticed adelrune's ghost (adept CoHu)
 31366 | Swamp:4  | Reached XP level 17. HP: 91/93 MP: 16/18
 31391 | Swamp:4  | Got a decaying rune of Zot
 31967 | Swamp:4  | Reached skill level 9 in Evocations
 32236 | Swamp:4  | Killed adelrune's ghost
 32414 | Snake:1  | Entered Level 1 of the Snake Pit
 32528 | Snake:1  | Found Jusche's General Store.
 32534 | Snake:1  | Bought a scroll of revelation for 90 gold pieces
 33109 | D:8      | Bought the +0 robe of the Curupira {+Blink rElec Slay-2}
                  | for 1330 gold pieces
 34465 | Snake:2  | Reached skill level 16 in Dodging
 34597 | Snake:2  | Noticed Vashnia
 34799 | Snake:2  | Received a gift from Trog
 35197 | Snake:2  | Found a transporter.
 35204 | Snake:2  | Found a bloodstained altar of Trog.
 35205 | Snake:2  | Noticed Jocvoh's ghost (adept DgHu)
 35219 | Snake:2  | Found a transporter.
 36992 | Snake:2  | Killed Vashnia
 36993 | Snake:2  | Reached XP level 18. HP: 102/102 MP: 19/19
 37883 | Snake:2  | Reached skill level 17 in Dodging
 37928 | Snake:3  | Found a glacial archway.
 38023 | IceCv    | Entered an ice cave
 38336 | IceCv    | Received a gift from Trog
 38339 | IceCv    | Reached skill level 12 in Evocations
 39531 | IceCv    | Identified the staff of Indignation {rElec rC+ rN+ Dex+3
                  | Ice}
 39968 | Snake:3  | Noticed Bai Suzhen
 40551 | Snake:3  | Noticed Nikola
 40575 | Snake:3  | Killed Nikola
 40576 | Snake:3  | Reached skill level 15 in Fighting
 40776 | Snake:3  | Reached skill level 18 in Dodging
 41304 | Snake:3  | Reached skill level 1 in Throwing
 41431 | Snake:3  | Killed Bai Suzhen
 41699 | Snake:3  | Found Gosuq's General Store.
 41825 | Snake:4  | Entered Level 4 of the Snake Pit
 42310 | Snake:4  | Identified the +6 short sword "Dymoc" {antimagic, rElec
                  | rPois rC-} (Trog gifted it to you on level 4 of the Snake
                  | Pit)
 42310 | Snake:4  | Received a gift from Trog
 43467 | Snake:4  | Reached XP level 19. HP: 106/108 MP: 18/20
 44251 | Snake:4  | Received a gift from Trog
 45497 | Snake:4  | Reached skill level 9 in Armour
 45707 | Snake:4  | Reached skill level 5 in Throwing
 46201 | Snake:4  | Got a serpentine rune of Zot
 46493 | Orc:2    | Bought dazzling fire dragon scales for 1885 gold pieces
 46493 | Orc:2    | Identified the +0 fire dragon scales of the Skies Above
                  | {-Cast Harm +Inv rF++ rC- rCorr} (You bought it in a shop
                  | on level 2 of the Orcish Mines)
 46613 | Vaults:1 | Entered Level 1 of the Vaults
 46639 | Vaults:1 | Reached skill level 15 in Stealth
 46776 | Vaults:1 | Found a magical portal.
 46785 | WizLab   | Entered Borgnjor's Mausoleum
 47011 | WizLab   | Slain by an ancient champion

Illustrated notes

Levels and vault maps discovered:
D:1:      dpeg_arrival_tiny_c, layout_basic, chequers_ecumenical_altar_island
D:2:      layout_basic, dreamdust_princess_bridge, minmay_fractal_squares_5
D:3:      cheibrodos_thug_alley, layout_loops_ring,
          mainiacjoe_overflow_small_starburst, uniq_grinder
D:4:      layout_cave_pods, grunt_temple_overflow_cloverleaf, serial_shops,
          nicolae_diamond_shop, gammafunk_ghost_arena,
          serial_library_hellmonk_angled_corner, uniq_pikel
D:5:      layout_basic
D:6:      layout_rooms, lemuel_doored_altar, nicolae_ru_awakened_eye,
          mainiacjoe_overflow_paths, amethyst_killhole
D:7:      layout_loops_corners, nicolae_overflow_crystal_walls,
          minmay_temple_entry_enclosed_plants, uniq_duvessa,
          uniq_crazy_yiuf_cottage
D:8:      layout_basic, kennysheep_little_box, nicolae_gozag_zags_fifth_avenue
D:9:      minmay_the_grid_square_5x5_4x4
          [minmay_the_grid_square_5x5_beaten_path,
          minmay_the_grid_square_5x5_shrine1,
          minmay_the_grid_square_5x5_gyroscope,
          minmay_the_grid_square_5x5_slash, minmay_the_grid_square_5x5_spiral,
          minmay_the_grid_square_5x5_prize_itemx,
          minmay_the_grid_square_5x5_prize_rear_guard,
          minmay_the_grid_square_5x5_n_small,
          minmay_the_grid_square_5x5_three_small,
          minmay_the_grid_square_5x5_prize_gold,
          minmay_the_grid_square_5x5_prize_deathbox,
          minmay_the_grid_square_5x5_moneybag,
          minmay_the_grid_square_5x5_misaligned,
          minmay_the_grid_square_5x5_seven,
          minmay_the_grid_square_5x5_spiral_small,
          minmay_the_grid_square_5x5_three_walls], layout_loops_ring,
          kennysheep_vampire_church, uniq_erica
D:10:     minmay_imperfect_grid, layout_stronghold,
          gammafunk_temple_overflow_pools, serial_shops, shop, minivault_12
D:11:     layout_roguey, grunt_lair_entry_orc_guard_hut, serial_glass,
          glass_columns_b, glass_columns_a, feat_on_display, guppyfry_shop_venom
D:12:     layout_basic, orc_0_dummy
D:13:     layout_gridville, lightli_vaults_fourway_checkpoint,
          minmay_diamond_spiral
D:14:     layout_roguey, solitary_fountain
D:15:     grunt_enter_depths_hoard, layout_cave_pools, serial_ice, serial_ice_i,
          serial_ice_b, serial_ice_o, serial_ice_f, serial_ice_e, serial_ice_d,
          serial_ice_h, serial_ice_m
Temple:   corrupted_temple
Lair:1:   layout_misc_corridors, grunt_megastairs_5
Lair:2:   layout_regular_city, swamp_mist_pool, maelrawn_ghost_gauntlet_escape,
          serial_bayou_shore_b, lemuel_fruit_fields
Lair:3:   layout_chaotic_city, minmay_snake_entry_guardpost_small, pond,
          serial_bayou_shore_b
Lair:4:   layout_regular_city, nicolae_slime_entry_field_trip,
          chequers_serial_rivers_micro_b, minivault_19,
          dreamdust_deal_with_the_devil, chequers_serial_rivers_micro_e,
          lemuel_fruit_fields, uniq_nessos
Lair:5:   evil_forest, layout_long_grid, nzn_ghost_randoct
Swamp:1:  layout_basic_swamp, evilmike_swamp_ruin_rubble_2
Swamp:2:  layout_falls_marsh, serial_swamp_ruin, evilmike_swamp_ruin_house_5,
          evilmike_swamp_ruin_house_2, swamp_pool_1_2,
          cheibrodos_swamp_pet_leeches, infiniplex_staircase_pool_2,
          uniq_mlioglotl
Swamp:3:  layout_basic_swamp, evilmike_swamp_ruin_house_3,
          nicolae_swamp_tree_isthmus
Swamp:4:  swamp_fiery, layout_basic_swamp, ebering_ghost_reflecting_pool,
          swamp_pool_5, lightli_tree_ring
Snake:1:  layout_misc_corridors, serial_shops, nicolae_shop_crystal,
          grunt_ministairs_15, lemuel_fruit_tree
Snake:2:  nicolae_cobra_stairs, layout_layer_cave,
          gammafunk_ghost_wrathful_warriors, serial_bayou_shore_b, uniq_vashnia
Snake:3:  layout_cave_pods, serial_shops, shop_fountains,
          portal_ice_cave_entry_pillars_three, grunt_megastairs_4,
          uniq_bai_suzhen, uniq_nikola
Snake:4:  grunt_snake_rune_pools, layout_onion,
          nicolae_snake_herptile_family_reunion
Orc:1:    layout_caves
Orc:2:    st_orc_town, layout_caves, basic_altar
Vaults:1: mu_enter_wizlab_5, nicolae_vaults_trapezoid_layered,
          grunt_vaults_swirl, nicolae_vaults_theta, v_misc_2,
          nicolae_vaults_trapezoid_3, nicolae_vaults_house_2,
          ontoclasm_vaults_gateway, vaults_room_stairs_pillars,
          nicolae_vaults_angled_halls, nicolae_vaults_trapezoid_lopsided_1,
          layout_vaults_big_room
WizLab:   wizlab_borgnjor

Skill      XL: |  1  2  3  4  5  6  7  8  9 10 11 12 13 14 15 16 17 18 19 |
---------------+----------------------------------------------------------+-----
Short Blades   | 3 4 5 |  5.0
Fighting       | 3 4 5 6 7 8 9 11 12 14 15 | 15.1
Dodging        | 5 6 7 8 10 11 13 15 16 18 | 18.2
Long Blades    | 2 4 5 8 9 11 12 14 15 | 15.8
Shields        | 3 5 8 12 | 12.2
Stealth        | 5 8 9 12 13 15 | 15.5
Armour         | 1 4 5 7 8 9 |  9.0
Evocations     | 8 11 13 | 13.0
Throwing       | 3 6 |  6.0

Action                     |  1- 3 |  4- 6 |  7- 9 | 10-12 | 13-15 | 16-18 | 19-21 || total
---------------------------+-------+-------+-------+-------+-------+-------+-------++-------
  Melee: Rapier            |    45 |       |       |       |       |       |       ||    45
         Dagger            |    72 |   144 |       |       |     6 |    46 |       ||   268
         Short sword       |       |    62 |   310 |   554 |  1011 |       |       ||  1937
         Scimitar          |       |       |       |       |    16 |       |       ||    16
         Demon blade       |       |       |       |       |   285 |  1392 |   267 ||  1944
         Long sword        |       |       |       |       |       |    52 |       ||    52
         Quick blade       |       |       |       |       |       |       |    37 ||    37
  Throw: Dart              |       |     5 |     4 |    13 |     7 |    31 |       ||    60
         Throwing net      |       |       |     1 |     1 |       |       |       ||     2
 Invoke: Berserk           |       |       |     1 |     9 |    11 |    13 |     1 ||    35
         Trog's Hand       |       |       |       |     1 |     8 |     6 |       ||    15
         Brothers in Arms  |       |       |       |       |     1 |     3 |       ||     4
  Evoke: Wand              |       |       |     2 |     6 |    21 |    19 |     1 ||    49
         Condenser vane    |       |       |       |       |     1 |       |       ||     1
    Use: Potion            |     3 |       |       |       |       |       |       ||     3
         Scroll            |     2 |     5 |     4 |    15 |     5 |     5 |     2 ||    38
   Stab: Sleeping          |     1 |     3 |     2 |    10 |    48 |    33 |     4 ||   101
         Invisible         |     1 |       |       |       |     1 |       |       ||     2
         Distracted        |       |       |     1 |     4 |    11 |    13 |     4 ||    33
         Held in net/web   |       |       |       |     1 |       |       |       ||     1
 Armour: Robe              |    34 |    37 |    41 |    12 |       |     2 |       ||   126
         Acid dragon scale |       |       |       |    47 |   197 |   281 |    68 ||   593
  Dodge: Dodged            |    66 |   104 |   143 |   272 |   665 |   858 |   218 ||  2326
         Repelled          |       |       |       |     7 |    12 |    57 |    14 ||    90
  Block: Buckler           |    18 |    22 |    31 |    89 |   357 |   518 |   139 ||  1174

Table legend: (Time is in decaauts)
 A = Elapsed time spent in this place.
 B = Non-inter-level travel time spent in this place.
 C = Inter-level travel time spent in this place.
 D = Time resting spent in this place.
 E = Time spent auto-exploring this place.
 F = Levels seen in this place.
 G = Mean time per level.
                   A        B        C        D        E       F      G
               +--------+--------+--------+--------+--------+-----+--------+
         Total |  34941 |  32202 |   2739 |   7773 |  15344 |  34 | 1027.7 |
       Dungeon |  14493 |  12956 |   1537 |   3160 |   5927 |  15 |  966.2 |
        Temple |     18 |     10 |      8 |      0 |      0 |   1 |   18.0 |
          Lair |   4630 |   4042 |    588 |    475 |   2492 |   5 |  926.0 |
         Swamp |   3977 |   3802 |    175 |    859 |   1848 |   4 |  994.2 |
     Snake Pit |   8718 |   8426 |    292 |   2546 |   3966 |   4 | 2179.5 |
  Orcish Mines |   1335 |   1220 |    115 |    100 |    683 |   2 |  667.5 |
        Vaults |    132 |    110 |     22 |     54 |      0 |   1 |  132.0 |
      Ice Cave |   1475 |   1475 |      0 |    527 |    426 |   1 | 1475.0 |
        Wizlab |    159 |    159 |      0 |     49 |      0 |   1 |  159.0 |
               +--------+--------+--------+--------+--------+-----+--------+

Top non-repeatable levels by time:
 Snake:4: 2584 daAuts
 Snake:3: 2511 daAuts
    D:10: 1897 daAuts
 Snake:1: 1865 daAuts
 Snake:2: 1758 daAuts
   IceCv: 1475 daAuts
 Swamp:4: 1456 daAuts
     D:9: 1438 daAuts
     D:7: 1110 daAuts
     D:8: 1106 daAuts
    D:12: 1081 daAuts
    D:11: 1074 daAuts
  Lair:3: 1062 daAuts
  Lair:4: 976 daAuts
     D:4: 941 daAuts
